 Dungeon Crawl Stone Soup version 0.28.0-43-g3370ac3207 (webtiles) character file.

Game seed: 7681625772380326681

25 Peloso the Covered (level 2, 0/27 HPs)
             Began as a Minotaur Fighter on Mar 21, 2022.
             Succumbed to an adder's poison
             ... on level 2 of the Dungeon.
             The game lasted 00:01:02 (677 turns).

Peloso the Covered (Minotaur Fighter)                Turns: 677, Time: 00:01:03

Health: 0/27       AC:  7    Str: 20    XL:     2   Next: 86%
Magic:  1/1        EV:  9    Int:  5    God:
Gold:   60         SH:  4    Dex:  9    Spells: 1/1 levels left

rFire   . . .      SeeInvis .   a - +0 long sword
rCold   . . .      Faith    .   c - +0 buckler
rNeg    . . .      Spirit   .   b - +0 scale mail
rPois   .          Reflect  .   (helmet restricted)
rElec   .          Harm     .   (no cloak)
rCorr   .          Rampage  .   (no gloves)
Will    .....                   (no boots)
Stlth   ..........              (no amulet)
HPRegen 0.09/turn               (no ring)
MPRegen 0.07/turn               (no ring)

@: lethally poisoned (0 -> -4)
A: horns 2, retaliatory headbutt
a: no special abilities


You were on level 2 of the Dungeon.
You visited 1 branch of the dungeon, and saw 2 of its levels.

You collected 60 gold pieces.

Inventory:

Hand Weapons
 a - a +0 long sword (weapon)
Armour
 b - a +0 scale mail (worn)
 c - a +0 buckler (worn)
Jewellery
 e - a +6 ring of strength
 i - a ring of flight
Scrolls
 f - a scroll of identify {unknown}
 g - a scroll of noise {unknown}
 h - a scroll of torment {unknown}
 j - a scroll of amnesia {unknown}
 k - a scroll of blinking {unknown}
 m - 2 scrolls of fog {unknown}
Potions
 d - a potion of might
 l - a potion of curing {unknown}
 n - a potion of cancellation {unknown}


   Skills:
 + Level 4.0 Fighting
 + Level 3.0 Long Blades
 + Level 4.0 Armour
 + Level 0.4 Dodging
 + Level 3.8 Shields


You had one spell level left.
You didn't know any spells.
Your spell library was empty.

Dungeon Overview and Level Annotations

Branches:
Dungeon (2/15)

Altars:


Innate Abilities, Weirdness & Mutations

You have a pair of horns on your head.
You reflexively headbutt those who attack you in melee.


Message History

An adder comes into view.
You feel sick.
The adder hisses angrily.
The adder closely misses you. The worm bites you!
The adder moves out of view.
You hit the worm. You headbutt the worm.
The worm is heavily wounded.
You feel sick. The adder barely misses you. The adder closely misses you.
You slash the worm!
The worm is almost dead.
You feel sick. The worm bites you but does no damage.
The adder bites you but does no damage.
You hit the worm.
The worm is almost dead.
You feel sick.
You are no longer poisoned.
You block the adder's attack. The worm closely misses you.
The adder closely misses you.
You barely miss the worm.
The worm is almost dead.
The adder bites you but does no damage. The worm barely misses you.
The adder bites you but does no damage. The adder barely misses you.
You barely miss the worm.
The worm is almost dead.
The adder bites you but does no damage. x2; The worm bites you!
* * * LOW HITPOINT WARNING * * *
You hit the worm. You headbutt the worm.
You kill the worm!
The adder bites you.
* * * LOW HITPOINT WARNING * * *
You are lethally poisoned!
The adder poisons you! The adder barely misses you. You furiously retaliate!
You headbutt the adder. The adder bites you.
* * * LOW HITPOINT WARNING * * *
The adder barely misses you.
* * * LOW HITPOINT WARNING * * *
You feel sick.
* * * LOW HITPOINT WARNING * * *
You feel sick.
There is a stone staircase leading up here.
You die...

#.#### . #.#..#
.###.#..# ....#..#
# ##.....##.#
......... .
#)†.#####.##
####.#..S<@.....#
........S.......#
####.###..####....
# #...# ##.
#.....#.#
#######.# #.##
#..# ##.##


You could see 2 adders.

Vanquished Creatures
  A worm (D:2)
  A dart slug (D:1)
  2 ball pythons (D:1)
  2 endoplasms (D:1)
  A giant cockroach (D:1)
  2 goblins
  2 hobgoblins (D:1)
  A kobold (D:1)
  2 quokkas (D:1)
  2 bats
  2 frilled lizards (D:1)
  A rat (D:1)
19 creatures vanquished.

Vanquished Creatures (others)
  4 plants (D:1)
4 creatures vanquished.

Grand Total: 23 creatures vanquished

Notes
Turn   | Place    | Note
-------+----------+-------------------------------------------
     0 | D:1      | Peloso the Minotaur Fighter began the quest for the Orb.
     0 | D:1      | Reached XP level 1. HP: 19/19 MP: 0/0
   180 | D:1      | Reached XP level 2. HP: 27/27 MP: 1/1
   359 | D:1      | Found a faded altar of an unknown god.
   676 | D:2      | HP: 1/27 [poisoned by an adder]
   677 | D:2      | Succumbed to an adder's poison

Illustrated notes

Levels and vault maps discovered:
D:1:      minmay_arrival_glassed_features, layout_basic,
          hellmonk_ecumenical_altar_inner_sanctum, serial_bayou_lagoon_a
D:2:      layout_basic

Skill      XL: |  1  2 |
---------------+-------+-----
Armour         | 4 |  4.0
Fighting       | 4 |  4.0
Long Blades    | 3 |  3.0
Dodging        | |  0.4
Shields        | |  3.8

Action                   || total
-------------------------++-------
Melee: Long sword        ||    65
       Headbutt          ||     8
Armor: Scale mail        ||    40
Dodge: Dodged            ||    25
Block: Buckler           ||     9
